 Dungeon Crawl Stone Soup version 0.27-a0-1136-g0b992a5a9d (webtiles) character file.

Game seed: 1860553648837142112

2179 leviel the Cleaver (level 9, -1/79 HPs)
             Began as a Minotaur Fighter on May 6, 2021.
             Slain by a hornet (6 damage)
             ... on level 7 of the Dungeon.
             The game lasted 00:10:44 (6363 turns).

leviel the Cleaver (Minotaur Fighter)               Turns: 6363, Time: 00:10:45

Health: -1/79      AC: 13    Str: 23    XL:     9   Next: 11%
Magic:  8/8        EV:  5    Int: 11    God:
Gold:   364        SH: 11    Dex: 11    Spells: 8/8 levels left

rFire    . . .     SeeInvis .   a - +0 war axe
rCold    . . .     Faith    .   c - +0 kite shield
rNeg     . . .     Spirit   .   e - +0 plate armour
rPois    .         Reflect  .   (helmet restricted)
rElec    .         Harm     .   (no cloak)
rCorr    .         Rampage  .   (no gloves)
Will     +....                  (no boots)
Stlth    ..........             (no amulet)
HPRegen  0.00/turn              k - +6 ring of intelligence
MPRegen  0.11/turn              j - ring of willpower

@: unable to read
A: horns 2, retaliatory headbutt, inhibited regeneration, inability to read
while threatened, MP-powered wands
a: no special abilities


You were on level 7 of the Dungeon.
You visited 1 branch of the dungeon, and saw 7 of its levels.

You collected 364 gold pieces.

Inventory:

Hand Weapons
 a - a +0 war axe (weapon)
Missiles
 b - 3 silver javelins (quivered)
Armour
 c - a +0 kite shield (worn)
 e - a +0 plate armour (worn)
Jewellery
 j - a ring of willpower (right hand)
 k - a +6 ring of intelligence (left hand)
Wands
 i - a wand of flame (19)
Scrolls
 d - 4 scrolls of identify
 f - 2 scrolls of brand weapon {unknown}
 g - 2 scrolls of magic mapping
 m - a scroll of amnesia {unknown}
Potions
 h - 2 potions of curing
 l - a potion of brilliance


   Skills:
 + Level 7.4 Fighting
 * Level 9.4 Axes
 + Level 7.4 Armour
 + Level 7.5 Shields


You had 8 spell levels left.
You didn't know any spells.
Your spell library contained the following spells:

 Spells                   Type           Power      Damage    Failure   Level
 Beastly Appendage        Tmut           0%         N/A       100%        1
 Wereblood                Tmut           0%         N/A       100%        2
 Confusing Touch          Hex            0%         N/A       100%        3
 Gell's Gravitas          Tloc           0%         N/A       100%        3
 Spider Form              Tmut/Pois      0%         N/A       100%        3
 Ice Form                 Ice/Tmut       0%         N/A       100%        4
 Petrify                  Tmut/Erth      0%         N/A       100%        4
 Hydra Form               Tmut           0%         N/A       100%        5
 Metabolic Englaciation   Hex/Ice        0%         N/A       100%        5
 Yara's Violent Unravell  Hex/Tmut       0%         3d3       100%        5


Dungeon Overview and Level Annotations

Branches:
Dungeon (7/15)
 Temple: D:4-7

Altars:
Dithmenos
Kikubaaqudgha
Makhleb
Okawaru
Sif Muna
Trog
Vehumet
The Shining One


Innate Abilities, Weirdness & Mutations

You have a pair of horns on your head.
You reflexively headbutt those who attack you in melee.
You do not regenerate when monsters are visible.
You sometimes lose the ability to read scrolls when taking damage.
You expend magic power (3 MP) to strengthen your wands.


Message History

The orc is engulfed in a cloud of scalding steam.
You feel better.
The hornet is engulfed in a cloud of scalding steam.
You block the hornet's attack.
The white imp is engulfed in a cloud of scalding steam.
The orc is engulfed in a cloud of scalding steam.
The orc dies!
The hornet is engulfed in a cloud of scalding steam.
The hornet stings you.
* * * LOW HITPOINT WARNING * * *
You feel as though you will be slow longer.
You hit the hornet but do no damage. Your headbutt misses the hornet.
The hornet is moderately wounded.
You block the hornet's attack. The hornet stings you.
* * * LOW HITPOINT WARNING * * *
You feel as though you will be slow longer.
The hornet stings you but does no damage.
Unknown command.
You closely miss the hornet.
You headbutt the hornet, but do no damage.
The hornet is moderately wounded.
The hornet stings you.
* * * LOW HITPOINT WARNING * * *
You feel as though you will be slow longer.
The hornet stings you but does no damage.
The hornet completely misses you. You furiously retaliate!
You headbutt the hornet, but do no damage.
Okay, then.
The hornet stings you.
* * * LOW HITPOINT WARNING * * *
You feel as though you will be slow longer.
The hornet stings you but does no damage.
The hornet barely misses you. You block the hornet's attack. x2
You block the hornet's attack. The hornet barely misses you.
The steam dragon barely misses you.
The steam dragon claws you but does no damage.
You feel yourself speed up. The hornet stings you.
You die...

######..## ###........#
#..........##
##..........# .
####..........## >[.
####...5..........#
.....#...####.D........#
.......)## #.h....)...#
...#....# ##.y@......#
#...ยง# ##....<..##
##...# #......## #....
######## #.... #....
#.....


You could see a hornet, a steam dragon, a black bear and a white imp.

Vanquished Creatures
  Pikel (D:4)
  Grinder (D:6)
  A necrophage (D:6)
  3 black bears
  An ogre (D:5)
  A bullfrog (D:6)
  2 scorpions
  A wyvern skeleton (D:5)
  A bullfrog zombie (D:6)
  A crimson imp (D:6)
  A centaur zombie (D:5)
  2 hounds
  3 jellies
  4 orc priests
  5 iguanas
  4 orc wizards (D:5)
  2 killer bee zombies
  Robin (D:3)
  4 gnolls (D:5)
  8 adders
  A white imp (D:6)
  A worm (D:3)
  4 dart slugs
  9 orcs
  7 ball pythons
  11 endoplasms
  3 giant cockroaches
  12 goblins
  9 hobgoblins
  11 jackals (D:1)
  7 kobolds
  2 quokkas
  2 bats
  7 frilled lizards
  6 rats
139 creatures vanquished.

Vanquished Creatures (others)
  An orc (D:7)
1 creature vanquished.

Grand Total: 140 creatures vanquished

Notes
Turn   | Place    | Note
-------+----------+-------------------------------------------
     0 | D:1      | leviel the Minotaur Fighter began the quest for the Orb.
     0 | D:1      | Reached XP level 1. HP: 19/19 MP: 0/0
    72 | D:1      | Reached XP level 2. HP: 27/27 MP: 1/1
   131 | D:1      | Reached skill level 3 in Axes
   239 | D:1      | Reached XP level 3. HP: 33/33 MP: 2/2
   390 | D:1      | Found a faded altar of an unknown god.
   983 | D:2      | Found an ancient bone altar of Kikubaaqudgha.
  1100 | D:2      | Reached XP level 4. HP: 37/40 MP: 3/3
  1638 | D:2      | Reached skill level 4 in Axes
  1811 | D:3      | Reached XP level 5. HP: 42/47 MP: 4/4
  2139 | D:3      | Noticed Robin
  2177 | D:3      | Killed Robin
  2336 | D:4      | Reached skill level 5 in Axes
  2336 | D:4      | Reached XP level 6. HP: 23/55 MP: 5/5
  2590 | D:4      | Found an iron altar of Okawaru.
  2661 | D:4      | Found a glowing golden altar of the Shining One.
  2680 | D:4      | Noticed Pikel
  2723 | D:4      | Killed Pikel
  2724 | D:4      | Reached skill level 5 in Fighting
  2724 | D:4      | Reached skill level 6 in Axes
  2724 | D:4      | Reached skill level 5 in Armour
  2724 | D:4      | Reached skill level 5 in Shields
  2724 | D:4      | Reached XP level 7. HP: 27/62 MP: 6/6
  2962 | D:4      | Gained mutation: You do not regenerate when monsters are
                  | visible. [potion of mutation]
  2962 | D:4      | Gained mutation: Your mind is acute. (Int +2) [potion of
                  | mutation]
  2962 | D:4      | Gained mutation: You are clumsy. (Dex -2) [potion of
                  | mutation]
  2962 | D:4      | Gained mutation: You possess an exceptional clarity of
                  | mind. [potion of mutation]
  3118 | D:4      | Found a shimmering blue altar of Sif Muna.
  3490 | D:5      | Entered Level 5 of the Dungeon
  3490 | D:5      | Found a bloodstained altar of Trog.
  3498 | D:5      | Reached skill level 7 in Axes
  3857 | D:5      | Reached XP level 8. HP: 59/70 MP: 7/7
  4441 | D:5      | Reached skill level 8 in Axes
  5533 | D:6      | Reached skill level 9 in Axes
  5547 | D:6      | Found a radiant altar of Vehumet.
  5547 | D:6      | Found a burning altar of Makhleb.
  5800 | D:6      | Found a shadowy altar of Dithmenos.
  5951 | D:6      | Reached XP level 9. HP: 79/79 MP: 8/8
  5975 | D:6      | Noticed Grinder
  5981 | D:6      | Killed Grinder
  6231 | D:6      | Lost mutation: You possess an exceptional clarity of mind.
                  | [potion of mutation]
  6231 | D:6      | Lost mutation: Your mind is acute. (Int +2) [potion of
                  | mutation]
  6231 | D:6      | Lost mutation: You are clumsy. (Dex -2) [potion of
                  | mutation]
  6231 | D:6      | Gained mutation: You sometimes lose the ability to read
                  | scrolls when taking damage. [potion of mutation]
  6231 | D:6      | Gained mutation: You expend magic power (3 MP) to
                  | strengthen your wands. [potion of mutation]
  6363 | D:7      | Slain by a hornet

Illustrated notes

Levels and vault maps discovered:
D:1:      dpeg_arrival_oval, layout_basic, ebering_ecumenical_altar_petrified
D:2:      layout_loops_ring, basic_altar
D:3:      layout_rooms, uniq_robin
D:4:      layout_basic, tso_metal_star, nicolae_overflow_crystal_walls,
          amcnicky_altar_gilded, portal_sewer_entry_e, dk_noncrumbling_4,
          grunt_decor_arrowhead, uniq_pikel
D:5:      layout_layer_cave, trog_ov_bears_minmay
D:6:      layout_gridville, general_overflow_altar,
          grunt_temple_overflow_lords_of_destruction, uniq_grinder
D:7:      layout_cave_pods, marbit_many_paths, minmay_temple_entry_ruins

Skill      XL: |  1  2  3  4  5  6  7  8 |
---------------+-------------------------+-----
Armour         | 4 5 6 7 |  7.4
Shields        | 4 5 6 7 |  7.5
Axes           | 3 4 5 6 7 9 |  9.4
Fighting       | 4 5 6 7 |  7.4

Action                   |  1- 3 |  4- 6 |  7- 9 || total
-------------------------+-------+-------+-------++-------
Melee: War axe           |    77 |    94 |   151 ||   322
       Headbutt          |    14 |    13 |    29 ||    56
  Use: Scroll            |       |       |     6 ||     6
       Potion            |       |       |     5 ||     5
Armor: Scale mail        |    35 |    44 |    42 ||   121
       Plate armour      |       |       |    58 ||    58
Dodge: Dodged            |    20 |    23 |    65 ||   108
Block: Kite shield       |    46 |    39 |   106 ||   191

Table legend: (Time is in decaauts)
 A = Elapsed time spent in this place.
 B = Non-inter-level travel time spent in this place.
 C = Inter-level travel time spent in this place.
 D = Time resting spent in this place.
 E = Time spent auto-exploring this place.
 F = Levels seen in this place.
 G = Mean time per level.
                   A        B        C        D        E       F      G
               +--------+--------+--------+--------+--------+-----+--------+
         Total |   6496 |   6319 |    177 |    981 |   4464 |   7 |  928.0 |
       Dungeon |   6496 |   6319 |    177 |    981 |   4464 |   7 |  928.0 |
               +--------+--------+--------+--------+--------+-----+--------+

Top non-repeatable levels by time:
     D:5: 1673 daAuts
     D:4: 1202 daAuts
     D:6: 1132 daAuts
     D:1: 1010 daAuts
     D:2: 824 daAuts
     D:3: 547 daAuts
     D:7: 107 daAuts
